Match 45445218
Unlisted

Match 45445218
End
Construct Barracks
Selects Special Operations Battlegroup
Selects M29 Weasel Recon Vehicle
M29 Weasel Recon Vehicle
Riflemen Squad
Riflemen Squad
Riflemen Squad
Air Support Center
Construct Motor Pool
M8 Greyhound Armored Car
Selects Raiding Flares
Engineer Squad
M8 Greyhound Armored Car
Selects SSF Commando Squad
SSF Commando Squad
M24 Chaffee Light Tank
P-47 Strafing Run
M24 Chaffee Light Tank
Construct Medical Station
M1 Anti-tank Gun Team
P-47 Strafing Run
Engineer Squad
M1 Mortar Team
P-47 Strafing Run
Selects Mark Vehicle
Selects M4A1 Sherman Whizbang
P-47 Strafing Run
K̳itsuné
Markov666
0
0

Comments sign in to comment!

No comments posted yet!